Map: Ruins of Seras

Players

PtitDrogo

  • Race: Protoss Protoss
  • League: Master

LiquidTLO (TLO) - Winner!

  • Race: Zerg Zerg
  • League: Grandmaster

Event: DreamHack ZOWIE Open Leipzig

VOD

https://www.youtube.com/watch?v=zk2Y704Ucks

Description

Time

  • Played on: Jan. 23, 2016, 9:40 a.m.
  • Length: 12:19

All games in this series

Show
View Real Time Build Order
Export as new Build Order

PtitDrogo Protoss 

Build Orders: Oracle Opening 

Get SALT Encoding   

  12  0:01  Probe (Chrono Boost)  
  13  0:11  Probe (Chrono Boost)  
  14  0:18  Pylon  
  14  0:23  Probe (Chrono Boost)  
  15  0:36  Probe (Chrono Boost)  
  15  0:37  Gateway  
  16  0:47  Probe (Chrono Boost)  
  16  0:48  Assimilator  
  17  0:57  Probe (Chrono Boost)  
  17  0:58  Assimilator  
  18  1:08  Probe (Chrono Boost), Gateway  
  19  1:18  Probe (Chrono Boost)  
  19  1:24  Cybernetics Core  
  20  1:29  Probe (Chrono Boost)  
  21  1:37  Pylon  
  21  1:39  Probe (Chrono Boost)  
  22  1:50  Probe (Chrono Boost)  
  23  2:01  Adept  
  23  2:02  Adept  
  23  2:03  Warp Gate (Chrono Boost)  
  23  2:04  Probe (Chrono Boost)  
  28  2:14  Probe (Chrono Boost)  
  29  2:17  Stargate  
  29  2:25  Probe (Chrono Boost)  
  29  2:26  Pylon  
  30  2:35  Probe (Chrono Boost)  
  31  2:46  Probe (Chrono Boost)  
  32  2:57  Nexus  
  32  3:04  Oracle (Chrono Boost)  
  35  3:11  Mothership Core  
  37  3:17  Pylon  
  37  3:24  Adept  
  39  3:35  Probe  
  39  3:39  Oracle (Chrono Boost)  
  43  3:47  Probe  
  42  3:59  Probe  
  43  4:05  Adept x2  
  47  4:11  Probe (Chrono Boost)  
  47  4:13  Probe (Chrono Boost)  
  49  4:22  Probe (Chrono Boost)  
  51  4:24  Probe (Chrono Boost)  
  51  4:26  Pylon  
  51  4:30  Stalker  
  53  4:33  Probe (Chrono Boost), Adept  
  53  4:35  Probe (Chrono Boost)  
  57  4:43  Probe (Chrono Boost)  
  57  4:45  Probe (Chrono Boost)  
  59  4:47  Pylon  
  59  4:53  Adept x2  
  59  4:54  Probe (Chrono Boost)  
  59  4:56  Probe (Chrono Boost)  
  65  5:04  Probe (Chrono Boost)  
  65  5:06  Probe (Chrono Boost)  
  67  5:15  Probe (Chrono Boost)  
  67  5:17  Probe (Chrono Boost)  
  67  5:21  Assimilator x2  
  69  5:25  Probe (Chrono Boost)  
  69  5:27  Probe (Chrono Boost)  
  68  5:33  Pylon  
  68  5:36  Probe (Chrono Boost)  
  68  5:39  Probe (Chrono Boost)  
  68  5:40  Pylon  
  70  5:47  Probe (Chrono Boost)  
  59  5:53  Probe (Chrono Boost)  
  59  5:56  Oracle  
  60  5:57  Forge  
  60  5:58  Twilight Council, Pylon  
  60  6:02  Adept x2  
  65  6:06  Probe (Chrono Boost)  
  65  6:08  Probe (Chrono Boost)  
  65  6:13  Gateway  
  65  6:14  Gateway  
  65  6:15  Gateway  
  65  6:22  Pylon  
  65  6:23  Adept x2  
  67  6:32  Protoss Ground Weapons Level 1, Oracle  
  64  6:33  Probe (Chrono Boost)  
  68  6:47  Charge (Chrono Boost)  
  68  6:48  Probe  
  69  6:56  Probe  
  69  6:59  Gateway  
  70  7:02  Pylon  
  70  7:04  Nexus, Pylon  
  70  7:10  Probe  
  70  7:13  Probe  
  70  7:14  Templar Archives  
  72  7:22  Probe  
  73  7:23  Zealot x4  
  73  7:25  Probe  
  82  7:34  Probe  
  83  7:38  Probe  
  83  7:42  Nexus  
  84  7:46  Probe  
  84  7:50  Probe  
  84  7:51  Zealot x4  
  94  7:52  Photon Cannon  
  94  7:58  Probe  
  95  8:02  Probe  
  96  8:10  Probe  
  101  8:17  Pylon x2  
  101  8:21  Pylon  
  101  8:23  Probe  
  102  8:28  Robotics Facility  
  102  8:35  Probe  
  102  8:36  Protoss Ground Weapons Level 2  
  102  8:39  Phoenix (Chrono Boost)  
  102  8:40  Stalker x4  
  102  8:41  Stalker  
  108  8:44  Pylon  
  103  9:04  High Templar x2  
  103  9:05  High Templar x2  
  103  9:08  Archon  
  103  9:09  Archon  
  105  9:14  Mothership Core  
  102  9:23  Stalker  
  99  9:26  Probe  
  91  9:38  Stalker x3  
  95  9:47  Probe x2  
  97  10:00  Stalker x2  
  95  10:10  Stalker  
  95  10:11  Stalker, Phoenix (Chrono Boost)  
  95  10:14  Pylon  
  93  10:25  Stalker x2  
  93  10:26  Probe  
  93  10:27  Probe  
  96  10:28  Photon Cannon  
  96  10:31  Photon Cannon x2  
  96  10:33  Photon Cannon  
  96  10:34  Photon Cannon x2  
  96  10:36  Photon Cannon  
  96  10:37  Phoenix (Chrono Boost)  
  96  10:39  Stalker  
  98  10:47  Stalker  
  100  10:55  Probe x2  
  99  11:02  Observer (Chrono Boost)  
  99  11:03  Probe  
  99  11:05  Assimilator x2  
  99  11:07  Probe  
  99  11:08  Photon Cannon  
  100  11:14  Zealot  
  100  11:15  Zealot x3  
  100  11:16  Phoenix  
  108  11:19  Pylon  
  108  11:20  Warp Prism (Chrono Boost)  
  112  11:28  Probe (Chrono Boost), Nexus  
  112  11:29  Pylon  
  112  11:30  Mothership Core (Chrono Boost)  
  115  11:38  Zealot x4  
  118  11:52  Observer  
  83  11:57  Zealot  
  83  12:02  Zealot x4  
Show
View Real Time Build Order
Export as new Build Order

LiquidTLO Zerg - Winner!

Build Orders: Hatch First, Lurkers 

Get SALT Encoding   

  12  0:01  Drone  
  13  0:08  Drone  
  14  0:17  Overlord  
  14  0:23  Drone, Extractor  
  15  0:37  Drone x2  
  17  0:54  Hatchery  
  17  0:56  Drone  
  17  1:00  Drone  
  17  1:03  Extractor  
  17  1:16  Spawning Pool  
  16  1:19  Drone  
  16  1:25  Drone  
  18  1:28  Drone  
  19  1:38  Overlord  
  19  1:53  Drone  
  20  1:59  Drone  
  21  2:03  Queen  
  21  2:06  Queen  
  21  2:08  Metabolic Boost  
  25  2:12  Drone  
  26  2:15  Drone  
  26  2:19  Drone  
  29  2:22  Drone  
  29  2:33  Zergling x4  
  31  2:38  Zergling x2  
  31  2:42  Zergling x2  
  33  2:46  Burrow  
  33  2:49  Zergling x2  
  34  2:53  Queen  
  34  2:54  Overlord  
  36  3:12  Spore Crawler  
  35  3:14  Drone x2  
  35  3:15  Drone  
  38  3:22  Hatchery  
  38  3:24  Drone  
  38  3:27  Drone  
  39  3:30  Drone  
  41  3:34  Drone x2  
  41  3:38  Drone  
  41  3:40  Drone  
  43  3:45  Overlord  
  42  3:54  Evolution Chamber, Baneling Nest, Drone  
  36  4:03  Drone  
  36  4:04  Drone x2  
  36  4:07  Drone  
  41  4:10  Drone  
  41  4:12  Zergling x2  
  41  4:13  Zergling x2  
  43  4:18  Drone  
  43  4:21  Zerg Melee Weapons Level 1  
  43  4:24  Spore Crawler  
  43  4:27  Zergling x2  
  41  4:31  Drone x2  
  41  4:32  Drone  
  41  4:35  Drone  
  41  4:38  Drone  
  46  4:44  Drone x2  
  48  4:47  Overlord  
  48  4:53  Drone  
  48  4:54  Drone, Spore Crawler  
  48  4:55  Drone  
  48  4:58  Overlord  
  50  5:00  Baneling x2  
  50  5:01  Baneling  
  50  5:05  Overlord  
  50  5:07  Drone  
  50  5:09  Zergling x2  
  50  5:10  Zergling x2  
  50  5:12  Drone  
  49  5:14  Zergling x2  
  49  5:15  Zergling x2  
  49  5:17  Drone, Baneling x3  
  49  5:18  Drone  
  53  5:22  Zergling x4  
  53  5:26  Zergling x4  
  53  5:27  Zergling x2  
  58  5:29  Zergling x2  
  58  5:30  Zergling x2  
  58  5:35  Drone  
  61  5:36  Drone x2  
  61  5:40  Drone  
  63  5:43  Drone x2  
  63  5:45  Drone x3  
  63  5:46  Drone x2  
  63  5:47  Drone  
  62  5:50  Drone  
  62  5:55  Lair  
  63  6:02  Drone  
  63  6:03  Drone x2  
  66  6:07  Drone  
  66  6:10  Overlord  
  67  6:11  Extractor x2  
  67  6:13  Drone  
  65  6:18  Drone x2  
  65  6:20  Drone  
  65  6:21  Drone x2  
  65  6:23  Drone  
  68  6:28  Zergling x2  
  68  6:32  Zergling x2  
  69  6:38  Roach Warren  
  69  6:39  Extractor x2, Zergling x4  
  67  6:43  Extractor  
  67  6:44  Zergling x2  
  67  6:45  Zergling x2  
  65  6:48  Spine Crawler, Zergling x4  
  65  6:49  Spine Crawler, Zergling x2  
  65  6:50  Zergling x2  
  67  6:56  Zerg Melee Weapons Level 2  
  67  6:58  Spire  
  67  6:59  Hatchery, Drone  
  67  7:00  Drone  
  67  7:02  Zergling x2  
  67  7:05  Drone  
  67  7:07  Drone  
  70  7:10  Queen  
  70  7:15  Drone  
  73  7:17  Spore Crawler  
  73  7:19  Roach  
  73  7:20  Roach  
  76  7:25  Drone x7  
  67  7:30  Drone  
  67  7:33  Drone  
  65  7:39  Drone x2  
  65  7:40  Drone  
  67  7:45  Drone x2  
  65  8:05  Drone  
  65  8:06  Drone, Overlord  
  65  8:09  Mutalisk x7  
  65  8:10  Mutalisk  
  83  8:13  Mutalisk  
  83  8:14  Overlord  
  83  8:16  Overlord  
  83  8:18  Drone  
  86  8:21  Overlord  
  85  8:28  Drone x2  
  85  8:30  Drone x2  
  85  8:34  Hydralisk Den  
  86  8:45  Roach x2  
  86  8:47  Drone x3, Roach x2  
  97  8:49  Drone x2  
  97  8:54  Mutalisk  
  101  8:56  Mutalisk  
  101  9:01  Mutalisk x2  
  105  9:05  Roach  
  105  9:08  Roach  
  105  9:09  Roach  
  111  9:11  Roach  
  113  9:22  Hydralisk x2  
  113  9:23  Overlord, Hydralisk  
  119  9:28  Lurker Den  
  119  9:33  Zerg Missile Weapons Level 1  
  117  9:39  Overlord, Glial Reconstitution  
  117  9:42  Roach  
  117  9:46  Overlord, Roach x2  
  117  9:49  Drone x2  
  117  9:50  Overlord  
  123  9:53  Overlord  
  123  9:58  Hydralisk x2  
  127  10:03  Hydralisk  
  127  10:05  Hydralisk  
  129  10:08  Hydralisk  
  129  10:10  Hydralisk  
  129  10:15  Hydralisk x2  
  129  10:18  Hydralisk  
  129  10:19  Hydralisk  
  137  10:23  Overlord  
  137  10:26  Overlord  
  137  10:29  Overlord  
  137  10:31  Drone  
  137  10:32  Overlord  
  136  10:55  Lurker  
  137  11:00  Lurker x4  
  137  11:01  Lurker x3  
  137  11:02  Queen  
  142  11:09  Overseer x2  
  142  11:10  Overlord, Zergling x4  
  144  11:12  Drone x6  
  144  11:13  Spine Crawler  
  144  11:14  Spine Crawler  
  144  11:15  Spore Crawler  
  147  11:19  Overseer  
  147  11:20  Overseer  
  147  11:21  Roach x2  
  147  11:22  Overlord  
  147  11:23  Overlord  
  147  11:25  Overseer  
  151  11:31  Roach  
  151  11:32  Roach x2  
  157  11:34  Roach x2  
  157  11:36  Roach  
  157  11:37  Roach  
  165  11:41  Roach x2  
  165  11:43  Hydralisk  
  165  11:48  Roach x2  
  165  11:49  Roach  
  165  11:51  Roach  
  165  11:52  Roach  
  165  11:54  Hydralisk  

Tags
 
Add a new tag
Caveats
  • Supply blocks, unpowered buildings, or Contaminate may cause inaccurate times.
  • Supply counts are checked every 10 seconds.